 Dungeon Crawl Stone Soup version 0.28-a0-695-gff097466f2 (webtiles) character file.

Game seed: 4350274369199845746

79 EiAlmux the Digger (level 4, -3/26 HPs)
             Began as a Gargoyle Earth Elementalist on Oct 22, 2021.
             Slain by a gnoll (4 damage)
             ... on level 3 of the Dungeon.
             The game lasted 00:03:12 (2763 turns).

EiAlmux the Digger (Gargoyle Earth Elementalist)    Turns: 2763, Time: 00:03:12

Health: -3/26      AC:  5    Str: 11    XL:     4   Next: 37%
Magic:  5/7        EV: 11    Int: 17    God:
Gold:   66         SH:  0    Dex: 10    Spells: 4/7 levels left

rFire   . . .      SeeInvis .   g - +3 dagger
rCold   . . .      Faith    .   (no shield)
rNeg    + . .      Spirit   .   b - +0 robe
rPois   ∞          Reflect  .   (no helmet)
rElec   +          Harm     .   (no cloak)
rCorr   .          Rampage  .   (no gloves)
Will    .....                   (no boots)
Stlth   ++........              (no amulet)
HPRegen 0.08/turn               (no ring)
MPRegen 0.10/turn               (no ring)

@: no status effects
A: sickness immunity, AC +3, negative energy resistance 1, electricity
resistance, torment resistance 1, petrification resistance
a: no special abilities


You were on level 3 of the Dungeon.
You visited 1 branch of the dungeon, and saw 3 of its levels.

You collected 66 gold pieces.

Inventory:

Hand Weapons
 a - a +0 short sword
 g - a +3 dagger (weapon)
Missiles
 c - 73 stones
 f - 2 throwing nets
Armour
 b - a +0 robe (worn)
Jewellery
 k - an amulet of guardian spirit
Wands
 i - a wand of iceblast (8)
Scrolls
 e - 3 scrolls of identify {unknown}
 j - a scroll of magic mapping {unknown}
Potions
 d - 2 potions of ambrosia {unknown}
 h - a potion of might {unknown}


   Skills:
 - Level 2.0 Fighting
 - Level 1.5 Dodging
 + Level 2.9 Stealth
 + Level 2.4 Spellcasting
 + Level 1.5 Transmutations
 + Level 4.2 Earth Magic


You had 4 spell levels left.
You knew the following spells:

 Your Spells              Type           Power      Damage    Failure   Level
a - Sandblast             Erth           32%        2d9       3%          1
b - Passwall              Tmut/Erth      9%         N/A       9%          2

Your spell library contained the following spells:

 Spells                   Type           Power      Damage    Failure   Level
 Foxfire                  Conj/Fire      8%         2x1d4     19%         1
 Stone Arrow              Conj/Erth      18%        3d8       24%         3
 Conjure Flame            Conj/Fire      2%         6-21      50%         3
 Inner Flame              Hex/Fire       2%         N/A       50%         3
 Petrify                  Tmut/Erth      11%        N/A       50%         4
 Flame Wave               Conj/Fire      2%         3d3       88%         4


Dungeon Overview and Level Annotations

Branches:
Dungeon (3/15)

Altars:


Innate Abilities, Weirdness & Mutations

You are immune to sickness and miasma.
Your stone body is resilient. (AC +3)
You are immune to poison.
You resist negative energy. (rN+)
You are resistant to electric shocks. (rElec)
You are resistant to unholy torment.
You are immune to petrification.


Message History

A worm is nearby!
No target in view!
No target in view!
No target in view!
A gnoll comes into view. It is wielding a +0 whip.
Found 2 smoky purple potions.
A scorpion comes into view.
Found 15 gold pieces.
The gnoll shouts!
You hear a shout! x2
A dart slug comes into view.
The worm bites you.
You hit the worm but do no damage. You hit the worm.
The worm is lightly wounded.
A gnoll comes into view. It is wielding a +0 spear.
The worm bites you.
You hit the worm.
The worm is moderately wounded.
The scorpion stings you but does no damage.
A gnoll comes into view. It is wielding a +0 halberd.
The scorpion stings you!
A gnoll comes into view. It is wielding a +0 club.
The worm bites you but does no damage. The gnoll closely misses you.
The scorpion closely misses you.
The gnoll shouts!
The scorpion stings you.
* * * LOW HITPOINT WARNING * * *
The gnoll hits you but does no damage. The worm bites you.
* * * LOW HITPOINT WARNING * * *
Casting: Sandblast (safe; 3% risk of failure)
Confirm with . or Enter, or press ? or * to list all spells.
Aiming: Passwall (safe; 9% risk of failure)
Press: ? - help, Dir - move target A rock wall.
The scorpion stings you.
* * * LOW HITPOINT WARNING * * *
The gnoll hits you but does no damage.
You begin to meditate on the wall.
You continue meditating on the rock.
The scorpion barely misses you. The gnoll hits you with a +0 whip.
You die...

#....#. .... #....#.
...# #....#.###<#.#
#....#.....#.#
#....#.....#.# #
.#####....##...##.# ##!#
.......<..........#....#
..............#s....#
..............+@....+
..............#gw...#
.######.......##.gw.#
#.......##.......
#.......##...gg...
#.......##........
#....#... ######.$.


You could see a worm, a scorpion, 4 gnolls and a dart slug.

Vanquished Creatures
  A hound skeleton (D:2)
  An adder (D:2)
  An adder zombie (D:2)
  An adder skeleton (D:2)
  A bat skeleton (D:2)
  5 endoplasms
  2 giant cockroaches (D:1)
  5 goblins
  A hobgoblin (D:2)
  2 jackals (D:2)
  9 kobolds
  4 quokkas
  2 ball pythons
  6 bats
  4 frilled lizards (D:2)
  A jackal zombie (D:2)
  4 rats
50 creatures vanquished.

Vanquished Creatures (others)
  2 withered plants (D:2)
2 creatures vanquished.

Grand Total: 52 creatures vanquished

Notes
Turn   | Place    | Note
-------+----------+-------------------------------------------
     0 | D:1      | EiAlmux the Gargoyle Earth Elementalist began the quest for
                  | the Orb.
     0 | D:1      | Reached XP level 1. HP: 10/10 MP: 3/3
   215 | D:1      | Reached XP level 2. HP: 10/16 MP: 5/5
   218 | D:1      | Learned a level 2 spell: Passwall
   229 | D:1      | Reached skill level 1 in Transmutations
   232 | D:1      | Reached skill level 1 in Fighting
  1108 | D:2      | Reached XP level 3. HP: 20/20 MP: 6/6
  1608 | D:2      | Reached skill level 4 in Earth Magic
  1689 | D:2      | Reached XP level 4. HP: 14/26 MP: 4/7
  2756 | D:3      | Noticed a scorpion
  2762 | D:3      | HP: 1/26 [scorpion (2)]
  2763 | D:3      | Slain by a gnoll

Illustrated notes

Levels and vault maps discovered:
D:1:      mushboom_english_gardens, layout_loops_ring
D:2:      layout_basic, serial_undead, serial_undead_b, serial_undead_f,
          serial_undead_c, serial_undead_e, serial_undead_d
D:3:      layout_basic, mainiacjoe_overflow_divided_tiny, serial_shops, shop,
          shapermc_ecumenical_altar_hornbeckon, grunt_decor_mini_mirrors,
          minmay_cupped

Skill      XL: |  1  2  3 |
---------------+----------+-----
Transmutations | 1 |  1.5
Fighting       | 1 2 |  2.0
Earth Magic    | 4 |  4.2
Dodging        | |  1.5
Stealth        | |  2.9
Spellcasting   | |  2.4

Action                   |  1- 3 |  4- 6 || total
-------------------------+-------+-------++-------
Melee: Short sword       |    52 |       ||    52
       Unarmed           |     4 |       ||     4
       Dagger            |    42 |    59 ||   101
 Cast: Sandblast         |    13 |     1 ||    14
       Passwall          |       |     1 ||     1
 Stab: Sleeping          |     7 |       ||     7
Armor: Robe              |    37 |    34 ||    71
Dodge: Dodged            |    57 |    53 ||   110

Table legend: (Time is in decaauts)
 A = Elapsed time spent in this place.
 B = Non-inter-level travel time spent in this place.
 C = Inter-level travel time spent in this place.
 D = Time resting spent in this place.
 E = Time spent auto-exploring this place.
 F = Levels seen in this place.
 G = Mean time per level.
                   A        B        C        D        E       F      G
               +--------+--------+--------+--------+--------+-----+--------+
         Total |   2768 |   2748 |     20 |     28 |   2361 |   3 |  922.7 |
       Dungeon |   2768 |   2748 |     20 |     28 |   2361 |   3 |  922.7 |
               +--------+--------+--------+--------+--------+-----+--------+

Top non-repeatable levels by time:
     D:2: 1680 daAuts
     D:1: 1071 daAuts
     D:3: 16 daAuts
